 Dungeon Crawl Stone Soup version 0.30.1-11-g7821555f0a (webtiles) character file.

Game seed: 13082261397015132082

159 Ivernyr the Shield-Bearer (level 5, -1/42 HPs)
             Began as a Formicid Fighter on Nov 28, 2023.
             Was an Initiate of Wu Jian.
             Slain by Duvessa
             ... wielding a +0 rapier
              (2 damage)
             ... on level 4 of the Dungeon.
             The game lasted 00:07:20 (2361 turns).

Ivernyr the Shield-Bearer (Formicid Fighter)        Turns: 2361, Time: 00:07:21

Health: -1/42      AC:  8    Str: 22    XL:     5   Next: 68%
Magic:  5/5        EV:  9    Int:  8    God:    Wu Jian [......]
Gold:   208        SH:  5    Dex: 13    Spells: 4/4 levels left

rFire   . . .        a - +0 quarterstaff
rCold   . . .        c - +0 buckler
rNeg    + . .        b - +0 scale mail
rPois   .            (helmet unavailable)
rElec   .            (no cloak)
rCorr   .            f - +0 pair of gloves
SInv    +            (no boots)
Will    .....        (no amulet) Stlth
                     p - ring of positive energy
HPRegen 0.27/turn    (no ring)
MPRegen 0.09/turn

%: no passive effects
@: no status effects
A: permanent stasis, dig shafts and tunnels, antennae 3, four strong arms
a: Dig, Shaft Self, Renounce Religion


You were on level 4 of the Dungeon.
You worshipped Wu Jian.
Wu Jian was noncommittal.
You visited 1 branch of the dungeon, and saw 4 of its levels.

You collected 208 gold pieces.

Inventory:

Hand Weapons
 a - a +0 quarterstaff (weapon)
Armour
 b - a +0 scale mail (worn)
 c - a +0 buckler (worn)
 f - a +0 pair of gloves (worn)
Jewellery
 p - a ring of positive energy (left hand)
Scrolls
 e - 2 scrolls of teleportation {unknown}
 g - 4 scrolls of identify {unknown}
 h - a scroll of magic mapping {unknown}
 j - 2 scrolls of blinking {unknown}
 k - a scroll of enchant armour {unknown}
 l - a scroll of silence {unknown}
 n - a scroll of fog {unknown}
 r - a scroll of acquirement {unknown}
Potions
 d - a potion of might
 i - a potion of mutation {unknown}
 m - 3 potions of ambrosia {unknown}
 o - a potion of heal wounds {unknown}
 q - a potion of curing {unknown}


   Skills:
 + Level 4.1 Fighting
 * Level 3.6 Staves
 + Level 4.0 Armour
 + Level 5.0 Shields


You had 4 spell levels left.
You didn't know any spells.
Your spell library contained the following spells:

 Spells                   Type           Power      Damage    Failure   Level
 Shock                    Conj/Air       0%         1d3       80%         1
 Gell's Gravitas          Tloc           0%         N/A       99%         3
 Portal Projectile        Hex/Tloc       0%         N/A       99%         3
 Teleport Other           Tloc           0%         N/A       99%         3
 Tukima's Dance           Hex            0%         N/A       99%         3
 Airstrike                Air            0%         2d(0-16)  100%        4
 Blade Hands              Tmut           0%         N/A       100%        5
 Dispersal                Tloc           0%         N/A       100%        6
 Swiftness                Air            Unusable   N/A       N/A         3

Dungeon Overview and Level Annotations

Branches:
Dungeon (4/15)
 Temple: D:4-7

Altars:
Cheibriados
Fedhas
Wu Jian

Annotations:
D:3 1 runed translucent door, vytenis3d's ghost, weakling DsGl
D:4 Dowan; Duvessa


Innate Abilities, Weirdness & Mutations

You cannot be hasted, slowed, berserked, paralysed or teleported.
You can dig through walls and to a lower floor.
You have a pair of large antennae on your head. (SInv)
Your four strong arms can wield two-handed weapons with a shield.


Message History

Duvessa, Sister of Dowan comes into view.
She is wielding a +0 rapier.
Duvessa shouts!
Found 10 gold pieces.
Dowan casts a spell at Duvessa.
Duvessa seems to speed up.
You lunge at Dowan.
You closely miss Dowan.
Dowan mumbles some strange words.
Dowan blinks!
You thump Duvessa!
Duvessa is moderately wounded.
Duvessa hits you with a +0 rapier!
A goblin comes into view. It is wielding a +0 dagger.
The goblin shouts!
You hit Duvessa.
Duvessa is moderately wounded.
Duvessa completely misses you.
Dowan casts a spell.
Dowan blinks!
Duvessa hits you with a +0 rapier. Dowan gestures at you while chanting.
The puff of flame hits you! Duvessa barely misses you.
Duvessa attacks as you move away! Duvessa hits you with a +0 rapier!
Dowan hits you but does no damage. Duvessa hits you with a +0 rapier.
Dowan hits you with a +2 dagger of holy wrath.
Duvessa gestures with her weapon.
Duvessa hits you with a +0 rapier.
* * * LOW HITPOINT WARNING * * *
Duvessa attacks as you move away! Duvessa hits you but does no damage.
Duvessa barely misses you. Duvessa attacks as you move away!
Duvessa hits you with a +0 rapier.
* * * LOW HITPOINT WARNING * * *
Duvessa barely misses you.
Are you sure you want to shaft yourself?
Duvessa hits you with a +0 rapier.
* * * LOW HITPOINT WARNING * * *
You block Dowan's attack. Duvessa hits you with a +0 rapier.
* * * LOW HITPOINT WARNING * * *
You begin to dig a shaft.
You continue digging a shaft.
Duvessa hits you with a +0 rapier.
You die...

######.#######.#.#
##........##......# ..
##.................## ...##
#...................# ...).
#...................####.#...
#...................##.....#
#...........................
#....<).....................
##...........@e...g..#.######.
#.............e........###....
#...................#.........
#...................##.##...#.
#........................?..>.
#.......................###...
##.........#(............# .##
#.........#.............# #
##########................


You could see Duvessa (fast), Dowan and a goblin.

Vanquished Creatures
  An iguana (D:3)
  5 adders
  3 worms
  A dart slug (D:3)
  6 orcs
  6 bats
  5 endoplasms
  7 giant cockroaches
  4 hobgoblins
  3 jackals (D:1)
  5 kobolds
  2 quokkas
  10 ball pythons
  4 goblins
  2 rats
64 creatures vanquished.

Notes
Turn   | Place    | Note
-------+----------+-------------------------------------------
     0 | D:1      | Ivernyr the Formicid Fighter began the quest for the Orb.
     0 | D:1      | Reached XP level 1. HP: 18/18 MP: 1/1
   199 | D:1      | Reached XP level 2. HP: 24/24 MP: 2/2
   374 | D:1      | Reached XP level 3. HP: 28/29 MP: 3/3
  1412 | D:2      | Reached XP level 4. HP: 32/37 MP: 4/4
  1809 | D:3      | Reached XP level 5. HP: 42/42 MP: 5/5
  1816 | D:3      | Found a blossoming altar of Fedhas.
  1898 | D:3      | Found a runed translucent door.
  1898 | D:3      | Noticed vytenis3d's ghost (weakling DsGl)
  1994 | D:3      | Found a snail-covered altar of Cheibriados.
  1994 | D:3      | Found an ornate altar of the Wu Jian Council.
  2010 | D:3      | Became a worshipper of the Wu Jian Council
  2044 | D:3      | Reached skill level 5 in Shields
  2342 | D:4      | Noticed Dowan
  2343 | D:4      | Noticed Duvessa
  2360 | D:4      | HP: 1/42 [Duvessa/+0 rapier (5)]
  2361 | D:4      | Slain by Duvessa

Illustrated notes

Levels and vault maps discovered:
D:1:      minmay_arrival_solitary_statue, layout_basic
D:2:      layout_loops_corners, kennysheep_small_spiral
D:3:      layout_rooms, fedhas_ov_isle_minmay, gammafunk_temple_overflow_pools,
          hellmonk_ghost_happy_afterlife, minmay_shallow_snake_nest
D:4:      layout_rooms, uniq_duvessa, uniq_ijyb, uniq_pikel

Skill      XL: |  1  2  3  4  5 |
---------------+----------------+-----
Staves         | 3 |  3.6
Fighting       | 4 |  4.1
Armour         | 4 |  4.0
Shields        | 5 |  5.0

Action                     |  1- 3 |  4- 6 || total
---------------------------+-------+-------++-------
  Melee: Quarterstaff      |    93 |    93 ||   186
Ability: Lunge             |       |     2 ||     2
         Shaft Self        |       |     1 ||     1
 Armour: Scale mail        |    46 |    58 ||   104
  Dodge: Dodged            |    43 |    62 ||   105
  Block: Buckler           |    30 |    16 ||    46
